 Dungeon Crawl Stone Soup version 0.17.1-3-g152610e (webtiles) character file.

101 inmateoo the Firebug (level 4, -3/25 HPs)
             Began as a Deep Elf Fire Elementalist on Feb 24, 2016.
             Slain by a gnoll
             ... wielding a +0 halberd
              (10 damage)
             ... on level 3 of the Dungeon.
             The game lasted 00:02:56 (2064 turns).

inmateoo the Firebug (Deep Elf Fire Elementalist)   Turns: 2064, Time: 00:02:56

Health: -3/25      AC:  2    Str:  5    XL:     4   Next: 48%
Magic:  2/11       EV: 13    Int: 21    God:
Gold:   48         SH:  0    Dex: 15    Spells: 3 memorised, 2 levels left

rFire  . . .     SeeInvis .     (no weapon)
rCold  . . .     Clarity  .     a - +0 robe
rNeg   . . .     SustAt   .     (no shield)
rPois  .         Gourm    +     (no helmet)
rElec  .         Spirit   .     (no cloak)
rCorr  .         Warding  .     (no gloves)
rMut   .         Stasis   .     (no boots)
MR     .....                    e - amulet of the gourmand
Stlth  ++........               (no ring)
                                (no ring)

@: not resistant to hostile enchantments, unstealthy
A: no striking features
a: no special abilities


You were on level 3 of the Dungeon.
You were completely stuffed.

You visited 1 branch of the dungeon, and saw 3 of its levels.

You collected 48 gold pieces.

Inventory:

Armour
 a - a +0 robe (worn)
Jewellery
 e - an amulet of the gourmand (around neck)
 i - a cursed amulet of inaccuracy {unknown}
Scrolls
 f - a scroll of remove curse {unknown}
 h - 5 scrolls of identify {unknown}
 j - a scroll of amnesia {unknown}
 k - a scroll of recharging {unknown}
 m - a scroll of enchant armour {unknown}
 n - a scroll of magic mapping {unknown}
 o - a scroll of teleportation {unknown}
 r - a scroll of fog {unknown}
Potions
 l - a potion of flight {unknown}
 p - a potion of curing {unknown}
Books
 b - a book of Flames

   Spells                             Type                      Level
   a - Flame Tongue                   Conjuration/Fire             1
   b - Throw Flame                    Conjuration/Fire             2
   c - Conjure Flame                  Conjuration/Fire             3
   d - Inner Flame                    Hexes/Fire                   3
   e - Sticky Flame                   Conjuration/Fire             4
   f - Fireball                       Conjuration/Fire             5
Comestibles
 c - 3 bread rations
 d - a beef jerky
 g - a meat ration
 q - 2 chunks of flesh


   Skills:
 + Level 1.0 Fighting
 + Level 2.8 Dodging
 + Level 3.1 Stealth
 + Level 3.8 Spellcasting
 + Level 2.2 Conjurations
 * Level 4.1 Fire Magic


You had 2 spell levels left.
You knew the following spells:

 Your Spells              Type           Power        Failure   Level  Hunger
a - Flame Tongue          Conj/Fire      ###..        3%          1    None
b - Conjure Flame         Conj/Fire      ###.....     12%         3    ###....
c - Sticky Flame          Conj/Fire      ###.....     34%         4    ####...


Dungeon Overview and Level Annotations

Branches:
Dungeon (3/15)

Altars:


Message History

The gnoll hits you with a whip.
Casting: Flame Tongue
Confirm with . or Enter, or press ? or * to list all spells.
Aiming: Flame Tongue
Press: ? - help, Shift-Dir - straight line, f/p - gnoll
Aim: a gnoll, wielding a whip (severely wounded)
The flame tongue misses the gnoll.
The flame tongue hits the gnoll.
The gnoll is almost dead.
The gnoll hits you from afar with a halberd!
The gnoll hits you with a whip.
* * * LOW HITPOINT WARNING * * *
Casting: Flame Tongue
Confirm with . or Enter, or press ? or * to list all spells.
Aiming: Flame Tongue
Press: ? - help, Shift-Dir - straight line, f/p - gnoll
Aim: a gnoll, wielding a whip (severely wounded)
The flame tongue hits the gnoll.
The gnoll is almost dead.
The gnoll hits you from afar with a halberd!
You die...

....... ##
#.....####
..$.........
.#.......##
...)......
#.####.g..#..##
###
#.......g.........
#..@g....##.#
#.....†.....#
#†#.......#
#.####....###..
#########
#>.............
.........
#######....######
......... #...#
#.#.......#
.†.......
#.#.###.#..####.#
.).......
#.#.#...........#


You could see 3 gnolls.

Vanquished Creatures
  2 adders (D:2)
  2 oozes
  A worm (D:2)
  2 giant geckos
  2 orcs (D:3)
  5 giant cockroaches
  6 goblins
  7 hobgoblins
  14 jackals
  3 quokkas
  4 bats
  3 giant newts (D:2)
  5 kobolds
  3 rats
59 creatures vanquished.

Notes
Turn   | Place    | Note
--------------------------------------------------------------
     0 | D:1      | inmateoo the Deep Elf Fire Elementalist began the quest for the Orb.
     0 | D:1      | Reached XP level 1. HP: 10/10 MP: 6/6
   173 | D:1      | Reached XP level 2. HP: 15/15 MP: 5/8
   805 | D:2      | Reached XP level 3. HP: 18/20 MP: 3/9
   818 | D:2      | Learned a level 3 spell: Conjure Flame
   819 | D:2      | Found a faded altar to an unknown god.
  1266 | D:2      | Reached skill level 4 in Fire Magic
  1357 | D:2      | Reached skill level 1 in Fighting
  1364 | D:2      | Reached XP level 4. HP: 2/25 MP: 3/11
  1364 | D:2      | HP: 1/25 [poisoned by an adder]
  1731 | D:2      | Learned a level 4 spell: Sticky Flame
  2064 | D:3      | Slain by a gnoll

Action                   |  1- 3 |  4- 6 || total
-------------------------+-------+-------++-------
Melee: Unarmed           |       |     2 ||     2
 Cast: Flame Tongue      |    65 |    45 ||   110
  Use: Potion            |       |     1 ||     1
  Eat: Chunk             |    11 |     2 ||    13
